 Dungeon Crawl Stone Soup version 0.20.1-1-g8b1a95d (webtiles) character file.

674 Rjadawoj the Basher (level 7, 0/61 HPs)
             Began as a Minotaur Berserker on Oct 13, 2017.
             Was a Priest of Trog.
             Killed from afar by Pikel (14 damage)
             ... with a wand of lightning (?/15)
             ... on level 5 of the Dungeon.
             The game lasted 00:16:57 (4056 turns).

Rjadawoj the Basher (Minotaur Berserker)            Turns: 4056, Time: 00:16:58

Health: 0/61       AC: 10    Str: 21    XL:     7   Next: 33%
Magic:  6/6        EV:  5    Int:  4    God:    Trog [***...]
Gold:   256        SH:  8    Dex: 12    Spells: 6/6 levels left

rFire    . . .     SeeInvis .   m - +0 flail
rCold    . . .     Gourm    .   r - +0 shield
rNeg     . . .     Faith    .   p - +0 chain mail
rPois    .         Spirit   .   (helmet restricted)
rElec    .         Reflect  .   (no cloak)
rCorr    .         Harm     .   n - +0 pair of gloves
MR       .....                  (no boots)
Stlth    ..........             (no amulet)
Regen    0.2/turn               (no ring)
MPRegen  0.1/turn               (no ring)

@: no status effects
A: retaliatory headbutt, horns 2
a: Berserk, Trog's Hand, Burn Spellbooks, Renounce Religion


You were on level 5 of the Dungeon.
You worshipped Trog.
Trog was most pleased with you.
You were hungry.

You visited 1 branch of the dungeon, and saw 5 of its levels.

You collected 256 gold pieces.

Inventory:

Hand Weapons
 m - a +0 flail (weapon)
Armour
 h - a +0 ring mail
 n - a +0 pair of gloves (worn)
 p - a +0 chain mail (worn)
 r - a +0 shield (worn)
Jewellery
 d - an uncursed ring of ice {unknown}
 g - a cursed ring of loudness {unknown}
 l - an uncursed amulet of the gourmand {unknown}
 A - a cursed ring of teleportation {unknown}
Wands
 w - a wand of scattershot (3/9)
Scrolls
 e - 6 scrolls of teleportation {unknown}
 f - a scroll of identify {unknown}
 o - a scroll of fear {unknown}
 q - a scroll of recharging {unknown}
 x - a scroll of fog {unknown}
 y - a scroll of enchant weapon {unknown}
 B - a scroll of remove curse {unknown}
Potions
 a - a potion of heal wounds {unknown}
 b - 3 potions of mutation {unknown}
 j - 2 potions of resistance {unknown}
 k - 2 potions of lignification {unknown}
 s - a potion of brilliance {unknown}
 t - 2 potions of ambrosia {unknown}
 u - 2 potions of curing {unknown}
 v - a potion of cancellation {unknown}
Comestibles
 c - 6 bread rations
 i - 3 meat rations
 z - 2 fruits


   Skills:
 + Level 5.5 Fighting
 * Level 9.2 Maces & Flails
 - Level 2.5 Armour
 - Level 2.1 Dodging
 - Level 0.3 Stealth
 - Level 1.0 Shields


You had 6 spell levels left.
You didn't know any spells.

Dungeon Overview and Level Annotations

Branches:
Dungeon (5/15)
 Temple: D:4-7

Altars:
Sif Muna
Vehumet
Zin

Shops:
D:5 *(

Annotations:
D:5 Pikel


Innate Abilities, Weirdness & Mutations

You reflexively headbutt those who attack you in melee.
You have a pair of horns on your head.


Message History

You barely miss Pikel.
Pikel is moderately wounded.
You hit Pikel but do no damage. You headbutt Pikel.
Pikel is heavily wounded.
You block Pikel's attack.
You closely miss Pikel.
Pikel is heavily wounded.
Pikel hits you with a whip of freezing. Pikel freezes you.
You are too injured to fight recklessly!
You are too injured to fight recklessly!
Your shield and chain mail prevent you from hitting Pikel.
Pikel is moderately wounded.
Pikel hits you but does no damage.
You thump Pikel! You headbutt Pikel, but do no damage.
Pikel is heavily wounded.
Pikel zaps a wand.
The bolt of lightning hits you!
* * * LOW HITPOINT WARNING * * *
Pikel zaps a wand.
The bolt of lightning misses you.
Pikel zaps a wand.
The bolt of lightning hits you!
You die...

##........# ###.####.# #
#...##.# ###....## #
.....#....## ###..
....>......#
...#######....
.....###.#.# #......#..#
..... #.#.#########.p..#
..###
#.#....>.@.Kp.p#.#.####
.#
##.#############†....[..
## #..# #......[. ##
#.## .p....... .##
#.######## .#........
..#####.........
..##..#####
#....##.....# ## .##
####.##...### .#
##.....## .#


You could see Pikel and 3 slaves.

Vanquished Creatures
  Sigmund (D:2)
  A howler monkey (D:5)
  A crimson imp (D:5)
  A hound (D:5)
  An orc priest (D:5)
  A bullfrog skeleton (D:5)
  A statue (D:4)
  2 worker ants
  A howler monkey skeleton (D:5)
  Robin (D:2)
  3 gnolls (D:4)
  9 adders
  2 oozes (D:1)
  An adder skeleton (D:4)
  2 worms
  4 dart slugs
  3 leopard geckos
  5 orcs
  10 bats
  10 giant cockroaches
  17 goblins
  12 hobgoblins
  3 jackals (D:3)
  5 kobolds
  3 quokkas
  3 ball pythons (D:2)
  2 frilled lizards
  A jackal skeleton (D:4)
  A quokka skeleton (D:4)
  10 rats
117 creatures vanquished.

Notes
Turn   | Place    | Note
-------+----------+-------------------------------------------
     0 | D:1      | Rjadawoj the Minotaur Berserker began the quest for the Orb.
     0 | D:1      | Reached XP level 1. HP: 19/19 MP: 0/0
   265 | D:1      | Reached XP level 2. HP: 20/27 MP: 1/1
   436 | D:1      | Reached skill level 4 in Maces & Flails
   670 | D:1      | Reached XP level 3. HP: 34/34 MP: 2/2
   756 | D:1      | Reached ** piety under Trog
  1102 | D:2      | Noticed Robin
  1108 | D:2      | Reached skill level 5 in Maces & Flails
  1125 | D:2      | Killed Robin
  1125 | D:2      | Reached XP level 4. HP: 33/41 MP: 3/3
  1346 | D:2      | Noticed Sigmund
  1359 | D:2      | Killed Sigmund
  1359 | D:2      | Reached skill level 5 in Fighting
  1359 | D:2      | Reached skill level 7 in Maces & Flails
  1359 | D:2      | Reached XP level 5. HP: 41/48 MP: 4/4
  1666 | D:3      | Reached XP level 6. HP: 56/56 MP: 5/5
  1741 | D:3      | Reached *** piety under Trog
  1870 | D:3      | Found a faded altar of an unknown god.
  2208 | D:3      | Found a deep blue altar of Sif Muna.
  2735 | D:4      | Found a radiant altar of Vehumet.
  2985 | D:4      | Reached skill level 8 in Maces & Flails
  3439 | D:5      | Entered Level 5 of the Dungeon
  3588 | D:5      | Found Vuovos's Weapon Boutique.
  3614 | D:5      | Reached XP level 7. HP: 61/61 MP: 6/6
  3631 | D:5      | Reached skill level 1 in Shields
  3646 | D:5      | Reached skill level 9 in Maces & Flails
  3948 | D:5      | Found Zin's Purification Station.
  3982 | D:5      | Found a glowing silver altar of Zin.
  4030 | D:5      | Noticed Pikel
  4056 | D:5      | Killed from afar by Pikel

Skill      XL: |  1  2  3  4  5  6  7 |
---------------+----------------------+-----
Fighting       | 4 5 |  5.5
Maces & Flails | 4 5 7 8 9 |  9.2
Shields        | 1 |  1.0
Armour         | |  2.5
Dodging        | |  2.1
Stealth        | |  0.3

Action                   |  1- 3 |  4- 6 |  7- 9 || total
-------------------------+-------+-------+-------++-------
Melee: Mace              |    87 |    63 |       ||   150
       Headbutt          |    18 |    31 |     8 ||    57
       Flail             |       |   109 |    55 ||   164
Invok: Berserk           |     1 |       |     1 ||     2
  Eat: Fruit             |       |     3 |     2 ||     5
       Chunk             |       |     3 |       ||     3
       Royal jelly       |       |     2 |       ||     2
Armor: Animal skin       |     4 |       |       ||     4
       Ring mail         |    16 |    11 |       ||    27
       Chain mail        |       |    72 |    21 ||    93
Dodge: Dodged            |    70 |    47 |     8 ||   125
Block: Shield            |       |    38 |    19 ||    57
